 Dungeon Crawl Stone Soup version 0.30-a0-800-g7c544603b3 (webtiles) character file.

Game seed: 6824202493105903641

470 cheesebisquit the Chopper (level 6, -3/51 HPs)
             Began as a Minotaur Monk on Feb 21, 2023.
             Slain by an ancient zyme (5 damage)
             ... on level 1 of the Abyss.
             The game lasted 00:15:04 (4179 turns).

cheesebisquit the Chopper (Minotaur Monk)           Turns: 4179, Time: 00:15:05

Health: -3/51      AC:  8    Str: 18    XL:     6   Next: 82%
Magic:  5/5        EV:  6    Int:  7    God:
Gold:   206        SH:  6    Dex: 12    Spells: 5/5 levels left

rFire   . . .      SeeInvis .    i - +1 hand axe (heavy)
rCold   . . .      Faith    .    h - +0 kite shield
rNeg    + . .      Spirit   .    g - +0 chain mail
rPois   .          Reflect  .    (helmet restricted)
rElec   .          Harm     .    (no cloak)
rCorr   .          Rampage  .    (no gloves)
Will    .....                    (no boots) Stlth
                                 (no amulet)
HPRegen 0.00/turn                b - ring of positive energy
MPRegen 0.09/turn                (no ring)

@: sick
A: horns 2, retaliatory headbutt
a: no special abilities


You were on level 1 of the Abyss.
You visited 1 branch of the dungeon, and saw 4 of its levels.
You visited the Abyss 1 time.

You collected 206 gold pieces.

Inventory:

Hand Weapons
 i - a +1 heavy hand axe (weapon)
 r - a +0 sling
 v - a +0 war axe
Missiles
 d - 22 stones
 e - 6 boomerangs
 k - 2 poisoned darts (quivered)
Armour
 g - a +0 chain mail (worn)
 h - a +0 kite shield (worn)
Jewellery
 b - a ring of positive energy (left hand)
Wands
 j - a wand of roots (10)
 s - a wand of flame (14)
Scrolls
 a - a scroll of enchant armour {unknown}
 f - a scroll of vulnerability {unknown}
 l - 2 scrolls of magic mapping
 n - a scroll of teleportation {unknown}
 q - a scroll of brand weapon {unknown}
 w - a scroll of summoning {unknown}
Potions
 c - a potion of curing
 m - 4 potions of heal wounds
 o - 2 potions of lignification
 p - a potion of might
 t - a potion of mutation {unknown}
 u - a potion of flight {unknown}


   Skills:
 - Level 3.6 Fighting
 + Level 7.6(8.4) Axes
 - Level 5.1(7.1) Maces & Flails
 - Level 3.2 Dodging
 - Level 1.5 Stealth


You had 5 spell levels left.
You didn't know any spells.
Your spell library was empty.

Dungeon Overview and Level Annotations

Branches:
Dungeon (4/15)
 Temple: D:4-7

Altars:
Makhleb
Sif Muna
Zin
The Shining One

Shops:
D:2 (


Innate Abilities, Weirdness & Mutations

You have a pair of horns on your head.
You reflexively headbutt those who attack you in melee.


Message History

The gnoll is severely wounded.
The gnoll barely misses you. The gnoll hits you but does no damage.
You are cast into the Abyss!
This branch contains the abyssal rune of Zot.
Your attacks no longer feel as feeble.
HP restored.
An ancient zyme coalesces out of seething chaos.
You feel yourself growing ill in the presence of the ancient zyme.
You feel ill.
You hit the ancient zyme.
The ancient zyme is lightly damaged.
The ancient zyme barely misses you. You furiously retaliate!
You headbutt the ancient zyme, but do no damage.
The ancient zyme hits you.
You hit the ancient zyme but do no damage.
The ancient zyme is lightly damaged.
The ancient zyme hits you! The ancient zyme hits you.
You feel ill.
The ancient zyme hits you but does no damage.
The ancient zyme barely misses you.
You hit the ancient zyme.
The ancient zyme is lightly damaged.
The ancient zyme barely misses you. You block the ancient zyme's attack.
You feel ill.
You barely miss the ancient zyme.
The ancient zyme is lightly damaged.
The ancient zyme hits you. The ancient zyme hits you!
The ancient zyme hits you but does no damage.
The ancient zyme hits you.
* * * LOW HITPOINT WARNING * * *
You slash the ancient zyme!
The ancient zyme is moderately damaged.
The ancient zyme hits you.
* * * LOW HITPOINT WARNING * * *
The ancient zyme hits you but does no damage.
You hit the ancient zyme.
The ancient zyme is moderately damaged.
You block the ancient zyme's attack. x2; The ancient zyme hits you.
* * * LOW HITPOINT WARNING * * *
The ancient zyme hits you.
You die...

# .#...
..#.. #....
...#.## #.
...## ##...
#.. # . #.#
## ## #
#.###..#
#.#####.##.#
##.. .......
. . . ##.###
#. .##
###.@.# #..#
#..#x### #
.# ##.....#
#..
#..........
. #.....#.
## ..
........# #
#..........#
.......#...#
.#.
#.#.####.


You could see an ancient zyme.

Vanquished Creatures
  An ogre (D:3)
  Blork the orc (D:4)
  A necrophage (D:4)
  Jessica (D:3)
  3 adders
  9 gnolls
  An ufetubus (D:4)
  3 worms
  A dart slug (D:2)
  4 orcs
  9 ball pythons
  5 bats
  8 endoplasms
  4 giant cockroaches
  9 goblins
  5 hobgoblins
  4 jackals (D:2)
  6 quokkas
  4 frilled lizards
  8 kobolds
  15 rats
102 creatures vanquished.

Notes
Turn   | Place    | Note
-------+----------+-------------------------------------------
     0 | D:1      | cheesebisquit the Minotaur Monk began the quest for the
                  | Orb.
     0 | D:1      | Reached XP level 1. HP: 19/19 MP: 0/0
   100 | D:1      | Found a faded altar of an unknown god.
   115 | D:1      | Reached XP level 2. HP: 13/26 MP: 1/1
   568 | D:1      | Reached skill level 5 in Maces & Flails
   856 | D:2      | Reached XP level 3. HP: 31/31 MP: 2/2
  1037 | D:2      | Reached skill level 1 in Axes
  1086 | D:2      | Reached skill level 2 in Axes
  1089 | D:2      | Reached XP level 4. HP: 19/39 MP: 3/3
  1097 | D:2      | Reached skill level 3 in Axes
  1210 | D:2      | Found Fuhenimm's Antique Weapon Emporium.
  1707 | D:2      | Found a shimmering blue altar of Sif Muna.
  2384 | D:3      | Reached skill level 4 in Axes
  2445 | D:3      | Reached XP level 5. HP: 45/45 MP: 4/4
  2616 | D:3      | You fall into a shaft and drop 1 floor!
  2891 | D:3      | Reached skill level 5 in Axes
  3089 | D:3      | Found a burning altar of Makhleb.
  3089 | D:3      | Found a glowing golden altar of the Shining One.
  3263 | D:3      | Found a glowing silver altar of Zin.
  3390 | D:3      | Noticed Jessica
  3394 | D:3      | Killed Jessica
  3414 | D:3      | Noticed an ogre
  3423 | D:3      | Killed an ogre
  3424 | D:3      | Reached skill level 6 in Axes
  3424 | D:3      | Reached XP level 6. HP: 19/51 MP: 5/5
  3915 | D:4      | Noticed Blork the orc
  3928 | D:4      | Killed Blork the orc
  3929 | D:4      | Reached skill level 7 in Axes
  4126 | Abyss:1  | Cast into level 1 of the Abyss (gnoll)
  4167 | Abyss:1  | Noticed an ancient zyme
  4179 | Abyss:1  | HP: 2/51 [ancient zyme (5)]
  4179 | Abyss:1  | Slain by an ancient zyme

Illustrated notes

Levels and vault maps discovered:
D:1:      dpeg_arrival_ratfight, layout_rooms,
          ebering_ecumenical_altar_petrified, minmay_misc_feat_diagonals
D:2:      minmay_chambers_of_twos, layout_basic, serial_shops, shop_statue,
          basic_altar, minmay_close_crescents
D:3:      layout_basic, lemuel_round_altar, nicolae_overflow_hidden_temple,
          minmay_hedge_maze, minmay_misc_feat_ornament, guppyfry_early_orc_mine,
          uniq_jessica
D:4:      layout_cave_pods, uniq_sigmund, uniq_blork_the_orc, uniq_eustachio
Abyss:1:  base:
D:4

Skill      XL: |  1  2  3  4  5  6 |
---------------+-------------------+-----
Maces & Flails | 4 5 |  5.1
Axes           | 2 4 6 7 |  7.6
Fighting       | |  3.6
Dodging        | |  3.2
Stealth        | |  1.5

Action                     |  1- 3 |  4- 6 || total
---------------------------+-------+-------++-------
  Melee: Mace              |    39 |       ||    39
         Headbutt          |    10 |    18 ||    28
         Hand axe          |    15 |   139 ||   154
  Throw: Stone             |    30 |    25 ||    55
         Dart              |       |    14 ||    14
  Evoke: Wand              |       |     2 ||     2
    Use: Potion            |       |     1 ||     1
         Scroll            |       |     5 ||     5
   Stab: Sleeping          |     1 |       ||     1
 Armour: Ring mail         |    14 |       ||    14
         Robe              |     2 |       ||     2
         Chain mail        |    12 |    71 ||    83
  Dodge: Dodged            |    30 |    44 ||    74
  Block: Kite shield       |    10 |    52 ||    62

Table legend: (Time is in decaauts)
 A = Elapsed time spent in this place.
 B = Non-inter-level travel time spent in this place.
 C = Inter-level travel time spent in this place.
 D = Time resting spent in this place.
 E = Time spent auto-exploring this place.
 F = Levels seen in this place.
 G = Mean time per level.
                   A        B        C        D        E       F      G
               +--------+--------+--------+--------+--------+-----+--------+
         Total |   4305 |   3918 |    387 |    548 |   2570 |   5 |  861.0 |
       Dungeon |   4249 |   3862 |    387 |    548 |   2530 |   4 | 1062.2 |
         Abyss |     55 |     55 |      0 |      0 |     40 |   1 |   55.0 |
               +--------+--------+--------+--------+--------+-----+--------+

Top non-repeatable levels by time:
     D:2: 1439 daAuts
     D:3: 1294 daAuts
     D:1: 983 daAuts
     D:4: 531 daAuts
 Abyss:1: 55 daAuts
